 Dungeon Crawl Stone Soup version 0.31-a0-840-g6d2ecbb638 (webtiles) character file.

Game seed: 2316449208164474409

83 Ethylacetat the Ducker (level 4, -4/45 HPs)
             Began as an Octopode Gladiator on Sept 27, 2023.
             Killed from afar by Sigmund (9 damage)
             ... with a puff of flame
             ... on level 2 of the Dungeon.
             The game lasted 00:02:41 (1273 turns).

Ethylacetat the Ducker (Octopode Gladiator)         Turns: 1273, Time: 00:02:42

Health: -4/45      AC:  8    Str: 13    XL:     4   Next: 44%
Magic:  0/4        EV: 14    Int: 10    God:
Gold:   93         SH:  0    Dex: 15    Spells: 3/3 levels left

rFire   . . .        q - +2 dagger (protect)
rCold   . . .        (no shield)
rNeg    . . .        a - melded +0 hat
rPois   .            e - amulet of guardian spirit
rElec   .            g - ring of resist corrosion
rCorr   +            (no ring)
SInv    .            (no ring)
Will    .....        (no ring) Stlth
                     (no ring)
HPRegen 0.27/turn    (no ring)
MPRegen 0.09/turn    (no ring)
                     (no ring)

%: guardian spirit
@: berserking, beast-form, under a protective aura, very quick
A: beast (slay +0), almost no armour, amphibious, 8 rings, camouflage 1,
gelatinous body 1, (nimble swimmer 1), tentacles
a: Begin Untransformation


You were on level 2 of the Dungeon.
You were a hulking beast.
You visited 1 branch of the dungeon, and saw 2 of its levels.

You collected 93 gold pieces.

Inventory:

Hand Weapons
 q - a +2 dagger of protection (weapon)
Missiles
 b - 3 throwing nets (quivered)
 c - a javelin
Armour
 a - a +0 hat (melded)
Jewellery
 e - an amulet of guardian spirit (around mantle)
 g - a ring of resist corrosion (left tentacle)
Talismans
 j - a beast talisman (active)
Scrolls
 d - a scroll of revelation {unknown}
 f - a scroll of enchant armour {unknown}
 m - 2 scrolls of amnesia {unknown}
 n - a scroll of immolation {unknown}
 o - a scroll of identify {unknown}
Potions
 h - a potion of might {unknown}
 i - 2 potions of berserk rage
 k - a potion of enlightenment {unknown}
 l - a potion of haste {unknown}
 p - a potion of heal wounds {unknown}
 r - a potion of attraction {unknown}


   Skills:
 + Level 2.5 Fighting
 - Level 2.0 Throwing
 + Level 3.5 Dodging
 + Level 2.2 Stealth
 + Level 3.4 Unarmed Combat
 + Level 0.3 Spellcasting
 * Level 1.4 Shapeshifting


You had 3 spell levels left.
You didn't know any spells.
Your spell library contained the following spells:

 Spells                   Type           Power      Damage    Failure   Level
 Volatile Blastmotes      Fire/Tloc      0%         2d10      73%         3
 Fulminant Prism          Conj/Hex       0%         3d5       98%         4
 Iskenderun's Mystic Bla  Conj/Tloc      0%         2d3       98%         4
 Olgreb's Toxic Radiance  Pois           0%         N/A       98%         4
 Discord                  Hex            0%         N/A       100%        8
 Ignition                 Fire           0%         3d3       100%        8


Dungeon Overview and Level Annotations

Branches:
Dungeon (2/15)

Altars:

Annotations:
D:2 Sigmund


Innate Abilities, Weirdness & Mutations

You are a hulking beast.
Your limbs bulge with bestial killing power. (Slay +0)
You cannot wear most types of armour.
You are amphibious.
You can wear up to eight rings at the same time.
Your skin changes colour to match your surroundings (Stealth+).
Your rubbery body absorbs attacks. (AC +1, EV +1)
((You are camouflaged when in or above water. (Stealth+)))
You have tentacles for arms and can constrict up to eight enemies at once.


Message History

Robin is severely wounded.
You constrict Robin. Robin hits you with a +0 mace.
You hit Robin but do no damage.
Robin is almost dead.
You constrict Robin.
You kill Robin!
Something hits you. Something barely misses you.
Items here: ) [[ †.
You hit something. You completely miss something.
The hobgoblin no longer looks unusually strong.
You hear some strange, mumbled words.
You are confused.
You bump into the rock wall.
Something hits you.
You miss something. Your squeeze misses something. Something hits you.
* * * LOW HITPOINT WARNING * * *
You barely miss something.
Your tentacle-slap misses something.
Your squeeze misses something.
You bump into the rock wall.
Something hits you.
* * * LOW HITPOINT WARNING * * *
You closely miss something. Something barely misses you.
You bump into the rock wall.
You bump into the rock wall.
You feel less confused.
You hear some strange, mumbled words.
Something tries to affect you, but you resist.
You hit something but do no damage.
Your weapon exudes an aura of protection.
Something hits you but does no damage.
You miss something. Something hits you.
* * * LOW HITPOINT WARNING * * *
It was a potion of berserk rage.
A red film seems to cover your vision as you go berserk!
You feel yourself moving faster!
You feel mighty!
You barely miss something. You squeeze something!
You hear some strange, mumbled words.
A puff of flame appears from out of thin air!
The puff of flame hits you!
You die...

)....<.........#
#.#.########♣♣
#####......>#..#
#.#.......# ♣
#..........#
#.#######♣♣ ♣♣
.#......#.######.#
##♣PP♣.
.###.........[....#
.....~~ ##
.#####..########
.#♣♣P♣P #.....g).g#
♣ ♣♣ #.###..##{# ♣
#g.##h# ♣ #).##.#
#)†......# ♣
##.##.###..# #
#.##.# .. # #g##.#
# #.##.# # #.##.# #
.gg..# #


You could see a hobgoblin.

Vanquished Creatures
  Robin (D:2)
  A worm (D:2)
  A dart slug (D:1)
  5 ball pythons
  3 endoplasms
  11 giant cockroaches (D:2)
  12 goblins
  11 hobgoblins
  4 kobolds
  A quokka (D:1)
  2 bats (D:1)
  3 frilled lizards
  4 rats (D:1)
59 creatures vanquished.

Notes
Turn   | Place    | Note
-------+----------+-------------------------------------------
     0 | D:1      | Ethylacetat the Octopode Gladiator began the quest for the
                  | Orb.
     0 | D:1      | Reached XP level 1. HP: 14/14 MP: 1/1
   143 | D:1      | Reached XP level 2. HP: 19/19 MP: 2/2
   154 | D:1      | Reached skill level 1 in Stealth
   540 | D:1      | Reached XP level 3. HP: 24/24 MP: 1/3
   959 | D:2      | Reached skill level 1 in Shapeshifting
  1079 | D:2      | Reached XP level 4. HP: 30/30 MP: 4/4
  1228 | D:2      | Noticed Robin
  1234 | D:2      | Noticed Sigmund
  1259 | D:2      | Killed Robin
  1273 | D:2      | Killed from afar by Sigmund

Illustrated notes

Levels and vault maps discovered:
D:1:      dpeg_arrival_renting, layout_basic, corner_web_ring
D:2:      minmay_roachtagon, layout_loops_ring, serial_bayou_crossing,
          uniq_natasha, uniq_sigmund, uniq_robin

Skill      XL: |  1  2  3 |
---------------+----------+-----
Stealth        | 1 2 |  2.2
Shapeshifting  | 1 |  1.4
Fighting       | |  2.5
Throwing       | |  2.0
Dodging        | |  3.5
Unarmed Combat | |  3.4
Spellcasting   | |  0.3

Action                     |  1- 3 |  4- 6 || total
---------------------------+-------+-------++-------
  Melee: Unarmed           |    82 |       ||    82
         Tentacles         |    17 |     6 ||    23
         Constrict         |    23 |     6 ||    29
         Punch             |     4 |       ||     4
         Dagger            |    12 |    32 ||    44
    Use: Potion            |       |     1 ||     1
   Stab: Sleeping          |     2 |       ||     2
         Distracted        |     1 |       ||     1
 Armour: Skin              |    25 |    26 ||    51
  Dodge: Dodged            |    63 |    28 ||    91
   Form: Beast             |     2 |       ||     2
                           |     1 |       ||     1

Table legend: (Time is in decaauts)
 A = Elapsed time spent in this place.
 B = Non-inter-level travel time spent in this place.
 C = Inter-level travel time spent in this place.
 D = Time resting spent in this place.
 E = Time spent auto-exploring this place.
 F = Levels seen in this place.
 G = Mean time per level.
                   A        B        C        D        E       F      G
               +--------+--------+--------+--------+--------+-----+--------+
         Total |   1266 |   1255 |     11 |      0 |    915 |   2 |  633.0 |
       Dungeon |   1266 |   1255 |     11 |      0 |    915 |   2 |  633.0 |
               +--------+--------+--------+--------+--------+-----+--------+

Top non-repeatable levels by time:
     D:1: 786 daAuts
     D:2: 480 daAuts
